 Dungeon Crawl Stone Soup version 0.31-a0-557-g6e16503903 (webtiles) character file.

Game seed: 15917586859689046897

14981 IdlyInterested the Martial Artist (level 11, -5/95 HPs)
             Began as a Demonspawn Fighter on Aug 16, 2023.
             Slain by a red devil
             ... wielding a +0 demon trident
              (12 damage)
             ... on level 11 of the Dungeon.
             The game lasted 00:38:16 (11399 turns).

IdlyInterested the Martial Artist (DsFi)           Turns: 11399, Time: 00:38:17

Health: -5/95      AC:  5    Str: 16    XL:     11   Next: 95%
Magic:  11/11      EV: 13    Int: 13    God:
Gold:   26         SH:  0    Dex: 22    Spells: 10/10 levels left

rFire   + .          .
                       - Unarmed
rCold   + . .        c - melded +0 buckler
rNeg    . . .        t - +3 leather armour of Virtue {rElec Regen+ Dex+5}
rPois   .            S - +2 hat {Int+3}
rElec   +            B - scarf {rC+ rF+}
rCorr   .            (no gloves)
SInv    .            (no boots)
Will    .....        n - amulet of regeneration
Stlth   +            q - +4 ring of slaying
HPRegen 1.95/turn    R - +4 ring of protection
MPRegen 0.12/turn

%: no passive effects
@: mighty, flux-form, spiked, corroded, sanguine armoured, hasted, glowing, very
quick
A: glow, contaminating, claws 2, demonic guardian 1, sanguine armour 2,
condensation shield
a: Begin Untransformation


You were on level 11 of the Dungeon.
You were something dangerously unstable.
You visited 2 branches of the dungeon, and saw 12 of its levels.

You collected 728 gold pieces.
You spent 702 gold pieces at shops.

Inventory:

Hand Weapons
 a - a +0 rapier
 z - a +4 scimitar of flaming
 L - a +5 long sword
Missiles
 e - 100 stones (quivered)
 f - 33 poisoned darts
Armour
 c - a +0 buckler (melded)
 l - a +2 cloak
 t - the +3 leather armour of Virtue (worn) {rElec Regen+ Dex+5}
   (You found it on level 3 of the Dungeon)

   Dex+5:     It affects your dexterity (+5).
   rElec:     It insulates you from electricity.
   Regen+:    It increases your rate of health regeneration.
 B - a scarf of resistance (worn)
 S - a +2 hat of intelligence (worn)
 T - +0 steam dragon scales
Magical Staves
 j - a staff of earth
Jewellery
 n - an amulet of regeneration (around neck)
 q - a +4 ring of slaying (left claw)
 u - a ring of magical power
 C - a +6 ring of intelligence
 R - a +4 ring of protection (right claw)
Talismans
 h - a beast talisman
 p - a flux talisman (active)
 w - a blade talisman
 y - a maw talisman
Wands
 b - a wand of mindburst (13)
 r - a wand of flame (34)
 J - a wand of acid (19)
 M - a wand of digging (1)
 W - a wand of roots (7)
Scrolls
 g - a scroll of fear {unknown}
 i - 2 scrolls of immolation
 o - a scroll of revelation
 v - 3 scrolls of teleportation
 A - 3 scrolls of vulnerability
 F - a scroll of acquirement {unknown}
 G - a scroll of blinking {unknown}
 I - 2 scrolls of amnesia
 K - a scroll of torment {unknown}
 N - 2 scrolls of enchant weapon
 Q - a scroll of fog {unknown}
Potions
 d - 3 potions of might
 m - 3 potions of curing
 s - 2 potions of brilliance
 x - a potion of cancellation
 D - a potion of invisibility
 E - 2 potions of magic
 H - 4 potions of lignification
 O - a potion of enlightenment
 P - a potion of attraction
 U - a potion of haste
 V - a potion of mutation


   Skills:
 + Level 11.6 Fighting
 - Level 2.0 Short Blades
 - Level 1.0 Throwing
 - Level 3.0 Armour
 - Level 3.0 Dodging
 - Level 3.0 Stealth
 - Level 3.0 Shields
 * Level 11.7 Unarmed Combat
 - Level 1.0 Evocations
 + Level 6.0 Shapeshifting


You had 10 spell levels left.
You didn't know any spells.
Your spell library contained the following spells:

 Spells                   Type           Power      Damage    Failure   Level
 Shock                    Conj/Air       0%         1d3       36%         1
 Frozen Ramparts          Ice            0%         1d1       73%         3
 Swiftness                Air            0%         N/A       73%         3
 Volatile Blastmotes      Fire/Tloc      0%         2d10      73%         3
 Airstrike                Air            0%         2d(0-16)  98%         4
 Fulminant Prism          Conj/Hex       0%         3d5       98%         4
 Iskenderun's Mystic Bla  Conj/Tloc      0%         2d3       98%         4
 Olgreb's Toxic Radiance  Pois           0%         N/A       98%         4
 Petrify                  Tmut/Erth      0%         N/A       98%         4
 Fireball                 Conj/Fire      0%         3d3       100%        5
 Iskenderun's Battlesphe  Conj           0%         2d6       100%        5
 Metabolic Englaciation   Hex/Ice        0%         N/A       100%        5
 Conjure Ball Lightning   Conj/Air       0%         3x3d6     100%        6
 Dispersal                Tloc           0%         N/A       100%        6
 Orb of Destruction       Conj           0%         9d5       100%        7
 Discord                  Hex            0%         N/A       100%        8
 Ignition                 Fire           0%         3d3       100%        8
 Polar Vortex             Ice            0%         N/A       100%        9


Dungeon Overview and Level Annotations

Branches:
Dungeon (11/15)            Temple (1/1) D:5            Lair (0/5) D:8
    Orc: D:9-12

Altars:
Ashenzari
Cheibriados
Dithmenos
Fedhas
Gozag
Hepliaklqana
Kikubaaqudgha
Makhleb
Nemelex Xobeh
Okawaru
Qazlal
Ru
Sif Muna
Trog
Uskayaw
Vehumet
Wu Jian
Xom
Yredelemnul

Shops:
D:3 =[:(!   D:6 **!   D:8 [


Innate Abilities, Weirdness & Mutations

You are something dangerously unstable.
You glow with magical radiation, making you easy to see and hit.
Foes you strike become dangerously contaminated with magical radiation.
You are incapable of wielding weapons or throwing items.
You have very sharp fingernails.
A weak demonic guardian rushes to your aid.
When seriously injured, your blood forms thick armour. (AC +9)
A meltable shield of frost defends you. (SH +0)


Message History

The smoke demon closely misses you. The smoke demon barely misses you.
The rust devil hits you. The rust devil corrodes you!
The vampire mosquito bites your white imp!
The red devil barely misses you. The rust devil hits you.
The rust devil corrodes you!
The vampire mosquito bites your white imp.
Your white imp dies!
Your white imp disappears in a puff of smoke!
You mangle the rust devil!!
You kill the rust devil!
You are covered in liquid flames!
* * * LOW HITPOINT WARNING * * *
Unknown command.
You claw the rust devil!
The rust devil begins to glow.
The rust devil is moderately wounded.
You are covered in liquid flames!
* * * LOW HITPOINT WARNING * * *
The vampire mosquito misses you. The rust devil hits you.
* * * LOW HITPOINT WARNING * * *
The rust devil corrodes you!
The red devil hits you from afar with a +0 demon trident!
* * * LOW HITPOINT WARNING * * *
Barbed spikes become lodged in your body.
The smoke demon misses you.
The smoke demon hits you but does no damage.
The smoke demon closely misses you.
You scratch the rust devil.
The rust devil glows dangerously bright.
The rust devil is moderately wounded.
You are covered in liquid flames!
* * * LOW HITPOINT WARNING * * *
You are no longer on fire.
The vampire mosquito bites you.
* * * LOW HITPOINT WARNING * * *
The vampire mosquito draws strength from your injuries!
The rust devil closely misses you.
The smoke demon hits you but does no damage. x2
The smoke demon barely misses you.
The red devil hits you from afar with a +0 demon trident!
You die...

.# ..
###.#§§....
##≈.§§≈#≈≈.
#.≈≈.≈§§#§ .
##...§.S..# §.
≈#....$....#.§.
#≈≈....4≈.≈##..
#.≈D34y.§...^
#≈..By##
##≈.###§....
...## ≈≈. ..#
.... ..... #
... .....# #.
...#.# # ...#.#
...# #


You could see a rust devil (heavy contam), a smoke demon, a red devil, an acid
dragon, 2 vampire mosquitoes and a lava snake.

Vanquished Creatures
  Gastronok (D:10)
  A death knight (D:10)
  2 two-headed ogres
  Erica (D:9)
  A boulder beetle (D:8)
  3 death yaks (D:8)
  The ghost of dialectric the Insei, a novice DsSh of Trog (D:8)
  Pikel (D:4)
  A manticore (D:10)
  Joseph (D:8)
  A rust devil (D:11)
  Maggie (D:9)
  A red devil (D:11)
  A troll (D:10)
  Prince Ribbit (D:7)
  14 yaks
  4 vampire mosquitoes (D:9)
  Edmund (D:5)
  2 acid dragons
  A water moccasin (D:7)
  2 ice beasts (D:8)
  A sky beast (D:8)
  2 black bears
  4 ogres
  8 centaurs
  A phantom (D:7)
  2 kobold brigands
  A bullfrog (D:7)
  4 scorpions
  3 wights (D:7)
  6 killer bees (D:9)
  A jelly (D:5)
  Crazy Yiuf (D:5)
  A gnoll bouda (D:9)
  4 hounds
  2 orc priests
  A sleepcap (D:3)
  3 iguanas
  4 orc wizards
  4 hell rats (D:8)
  11 gnolls
  3 river rats (D:8)
  6 adders
  2 shadow imps
  2 white imps
  An ufetubus (D:7)
  A worm (D:3)
  2 dart slugs
  16 orcs
  10 endoplasms
  4 giant cockroaches
  9 goblins
  9 hobgoblins
  2 jackals (D:3)
  A quokka (D:1)
  6 ball pythons
  5 bats
  A frilled lizard (D:1)
  15 kobolds
  8 rats
209 creatures vanquished.

Vanquished Creatures (collateral kills)
  A troll (D:10)
  A bullfrog (D:9)
2 creatures vanquished.

Grand Total: 211 creatures vanquished

Notes
Turn   | Place    | Note
-------+----------+-------------------------------------------
     0 | D:1      | IdlyInterested the Demonspawn Fighter began the quest for
                  | the Orb.
     0 | D:1      | Reached XP level 1. HP: 18/18 MP: 1/1
   133 | D:1      | Gained mutation: When seriously injured, your blood forms
                  | armour. (AC +9) [demonic ancestry]
   133 | D:1      | Reached XP level 2. HP: 16/24 MP: 2/2
   919 | D:2      | Reached skill level 1 in Stealth
  1007 | D:2      | Gained mutation: A meltable shield of frost defends you.
                  | (SH +0) [demonic ancestry]
  1007 | D:2      | Reached XP level 3. HP: 17/29 MP: 3/3
  1060 | D:2      | Found a faded altar of an unknown god.
  1305 | D:2      | Reached skill level 1 in Shapeshifting
  2336 | D:3      | Reached skill level 1 in Evocations
  2336 | D:3      | Reached XP level 4. HP: 35/37 MP: 4/4
  2388 | D:3      | Reached skill level 1 in Throwing
  2494 | D:3      | Found Gitwil's Weapon Shop.
  2502 | D:3      | Found a blossoming altar of Fedhas.
  2510 | D:3      | Identified the +3 leather armour of Virtue {rElec Regen+
                  | Dex+5}
  2605 | D:3      | Found Cigadepri's Distillery.
  2645 | D:3      | Reached skill level 1 in Dodging
  2645 | D:3      | Gained mutation: When seriously injured, your blood forms
                  | thick armour. (AC +9) [demonic ancestry]
  2645 | D:3      | Reached XP level 5. HP: 43/43 MP: 5/5
  2777 | D:3      | Found Gehuusie's Antique Armour Shop.
  2831 | D:3      | Found Raitriwi's Jewellery Emporium.
  2886 | D:3      | Found a sparkling altar of Nemelex Xobeh.
  3245 | D:3      | Found Doytamygh's Book Boutique.
  3469 | D:3      | Bought a potion of degeneration for 12 gold pieces
  3469 | D:3      | Bought a potion of ambrosia for 96 gold pieces
  3575 | D:4      | Gained mutation: You have sharp fingernails. [demonic
                  | ancestry]
  3575 | D:4      | Reached XP level 6. HP: 50/50 MP: 6/6
  3579 | D:4      | Reached skill level 5 in Fighting
  3635 | D:4      | Noticed Pikel
  3655 | D:4      | Killed Pikel
  3656 | D:4      | Reached XP level 7. HP: 36/60 MP: 7/7
  3756 | D:4      | Reached skill level 1 in Unarmed Combat
  4200 | D:3      | Bought a potion of heal wounds for 60 gold pieces
  4248 | D:5      | Entered Level 5 of the Dungeon
  4255 | D:5      | Found a hazy altar of Hepliaklqana.
  4348 | D:5      | Reached XP level 8. HP: 65/68 MP: 8/8
  4485 | D:5      | Found a staircase to the Ecumenical Temple.
  4501 | Temple   | Entered the Ecumenical Temple
  4633 | D:5      | Noticed Edmund
  4651 | D:5      | Killed Edmund
  4874 | D:5      | Found an ancient bone altar of Kikubaaqudgha.
  5302 | D:5      | Found a runed translucent door.
  5303 | D:5      | Noticed Crazy Yiuf
  5510 | D:5      | Killed Crazy Yiuf
  5749 | D:6      | Found Emuawk's Assorted Antiques.
  5752 | D:6      | Bought a scroll labelled IRCHUF RANKO for 29 gold pieces
  5752 | D:6      | Bought a scroll labelled TEINKE ICROUPN for 29 gold pieces
  6089 | D:6      | Reached skill level 5 in Unarmed Combat
  6095 | D:6      | Reached XP level 9. HP: 70/75 MP: 9/9
  6360 | D:6      | Found Wonkuk's Distillery.
  6438 | D:6      | Found Gudod's Assorted Antiques.
  6458 | D:6      | Bought a scroll labelled VOAFYA IGIETT for 30 gold pieces
  6458 | D:6      | Bought a scroll labelled VISOSUG PEHA for 30 gold pieces
  6458 | D:6      | Bought a scroll labelled TEINKE ICROUPN for 30 gold pieces
  6690 | D:6      | Bought a potion of lignification for 45 gold pieces
  7029 | D:7      | Found a sacrificial altar of Ru.
  7125 | D:7      | Noticed Prince Ribbit
  7140 | D:7      | Killed Prince Ribbit
  7870 | D:1      | Got the Papyrus of the Icicle and the Compass
  7966 | D:6      | Bought a potion of enlightenment for 75 gold pieces
  8169 | D:8      | Identified the +2 dire flail "Quloc" {flame, Will+}
  8169 | D:8      | Noticed a two-headed ogre
  8169 | D:8      | Noticed dialectric's ghost (novice DsSh)
  8169 | D:8      | Noticed a boulder beetle
  8169 | D:8      | Found a transporter.
  8170 | D:8      | Found a transporter.
  8264 | D:8      | Killed a boulder beetle
  8320 | D:8      | Noticed a death yak
  8320 | D:8      | Noticed a death yak
  8350 | D:8      | Killed a death yak
  8351 | D:8      | Gained mutation: A weak demonic guardian rushes to your
                  | aid. [demonic ancestry]
  8351 | D:8      | Reached XP level 10. HP: 21/84 MP: 10/10
  8519 | D:8      | Noticed a death yak
  8532 | D:8      | Killed a death yak
  8542 | D:8      | Killed a death yak
  8543 | D:8      | Reached skill level 10 in Fighting
  8574 | D:8      | Found a staircase to the Lair.
  8729 | D:8      | Noticed Joseph
  8736 | D:8      | Killed Joseph
  8737 | D:8      | Reached skill level 5 in Shapeshifting
  8917 | D:8      | Found Bulat's Dragon-Slaying Spoils.
  9071 | D:8      | Killed dialectric's ghost
  9089 | D:8      | Killed a two-headed ogre
  9150 | D:9      | Gained mutation: You have very sharp fingernails. [demonic
                  | ancestry]
  9150 | D:9      | Reached XP level 11. HP: 92/92 MP: 11/11
  9216 | D:9      | Reached skill level 10 in Unarmed Combat
  9314 | D:9      | Noticed a +0 dagger
  9314 | D:9      | Noticed a +0 spear
  9314 | D:9      | Noticed a +0 dagger
  9315 | D:9      | Noticed a +0 spear
  9315 | D:9      | Noticed a +0 short sword
  9316 | D:9      | Noticed a +0 falchion
  9317 | D:9      | Noticed a +0 short sword
  9325 | D:9      | Found a hide-covered altar of Uskayaw.
  9325 | D:9      | Noticed a +0 falchion
  9328 | D:9      | Noticed a two-headed ogre
  9342 | D:9      | Noticed Maggie
  9343 | D:9      | Killed a two-headed ogre
  9356 | D:9      | Killed Maggie
  9518 | D:9      | Noticed Erica
  9553 | D:9      | Killed Erica
  9834 | D:8      | Found a shimmering altar of Xom.
 10406 | D:6      | Bought a potion of haste for 150 gold pieces
 10479 | D:10     | Entered Level 10 of the Dungeon
 10664 | D:10     | Noticed a death knight
 10681 | D:10     | Killed a death knight
 10905 | D:10     | Found a radiant altar of Vehumet.
 10946 | D:10     | Noticed Gastronok
 10964 | D:10     | Killed Gastronok
 11184 | D:6      | Bought a jewelled lead wand for 116 gold pieces
 11399 | D:11     | Slain by a red devil

Illustrated notes

Levels and vault maps discovered:
D:1:      scummos_arrival_checkerplants, layout_basic, hex_tiny,
          hex_intersection, due_unseen_surprise
D:2:      layout_basic, shapermc_ecumenical_altar_totnotflames, corexii_shack
D:3:      layout_basic, general_overflow_altar, nemelex_altar_shiori,
          serial_shops, nicolae_shop_just_a_little_nook, shop_fountains, shop,
          nicolae_diamond_shop, nicolae_shop_rolling_square,
          nrook_mini_backslash
D:4:      layout_cave_pools, uniq_pikel
D:5:      layout_layer_cave, mainiacjoe_overflow_24_doors,
          amcnicky_altar_gilded, minmay_temple_entry_butterflies,
          uniq_crazy_yiuf_cottage, uniq_edmund
D:6:      layout_basic, serial_co_window_serial, co_window_of_opportunity_a,
          co_window_paths_a, co_window_corner_a, co_window_corner_a,
          co_window_paths_b, co_window_of_opportunity_a, co_window_paths_b,
          co_window_of_opportunity_a, co_window_of_opportunity_a,
          co_window_paths_c, co_window_corner_b, co_window_broadway_c,
          co_window_paths_e, glass_columns_a, glass_columns_b, glass_columns_c,
          glass_columns_b, glass_columns_c, serial_shops, shop,
          nicolae_shop_hallway_plus, kennysheep_mini_moat
D:7:      layout_cave_pods, mainiacjoe_overflow_tiny_flanked, nicolae_titane,
          uniq_prince_ribbit1
D:8:      layout_basic, nicolae_overflow_hidden_temple, dpeg_lair_monsters,
          gammafunk_ghost_smash, nicolae_shop_dragon_depot, serial_bayou_pond_c,
          nicolae_figureground_pulse, uniq_joseph
D:9:      layout_basic, nicolae_uskayaw_en_pointe, nicolae_nh_ransacked_shop,
          uniq_erica, uniq_maggie
D:10:     layout_cave_pools, mainiacjoe_overflow_alcove_2, uniq_gastronok
D:11:     layout_basic, nicolae_where_there's_smoke
Temple:   nicolae_temple_bog_church

Skill      XL: |  1  2  3  4  5  6  7  8  9 10 11 |
---------------+----------------------------------+-----
Short Blades   | 2 |  2.0
Armour         | 3 |  3.0
Stealth        | 1 3 |  3.0
Shapeshifting  | 1 2 4 5 6 |  6.0
Fighting       | 4 7 8 9 10 11 | 11.6
Evocations     | 1 |  1.0
Throwing       | 1 |  1.0
Dodging        | 1 2 3 |  3.0
Unarmed Combat | 2 5 7 9 11 | 11.7
Shields        | 3 |  3.0

Action                     |  1- 3 |  4- 6 |  7- 9 | 10-12 || total
---------------------------+-------+-------+-------+-------++-------
  Melee: Rapier            |   164 |   130 |     2 |       ||   296
         Unarmed           |       |       |   303 |   279 ||   582
  Throw: Dart              |       |     3 |       |     2 ||     5
         Stone             |       |       |     5 |     5 ||    10
  Evoke: Wand              |       |       |     1 |       ||     1
    Use: Scroll            |       |     3 |     6 |     3 ||    12
         Potion            |       |     1 |       |     8 ||     9
   Stab: Sleeping          |       |     4 |     6 |     3 ||    13
         Distracted        |       |       |       |     1 ||     1
 Armour: Scale mail        |    36 |       |       |       ||    36
         Chain mail        |    72 |    46 |       |       ||   118
         Leather armour    |       |    25 |    55 |    60 ||   140
  Dodge: Dodged            |    48 |    38 |   122 |   142 ||   350
  Block: Buckler           |    65 |    47 |   137 |    82 ||   331
         Other             |       |       |       |    22 ||    22
   Form: Beast             |     1 |       |     1 |       ||     2
                           |     1 |       |       |       ||     1
         Flux              |       |       |       |     1 ||     1

Table legend: (Time is in decaauts)
 A = Elapsed time spent in this place.
 B = Non-inter-level travel time spent in this place.
 C = Inter-level travel time spent in this place.
 D = Time resting spent in this place.
 E = Time spent auto-exploring this place.
 F = Levels seen in this place.
 G = Mean time per level.
                   A        B        C        D        E       F      G
               +--------+--------+--------+--------+--------+-----+--------+
         Total |  11411 |   9005 |   2406 |    467 |   5833 |  12 |  950.9 |
       Dungeon |  11409 |   9003 |   2406 |    467 |   5833 |  11 | 1037.2 |
        Temple |      1 |      1 |      0 |      0 |      0 |   1 |    1.0 |
               +--------+--------+--------+--------+--------+-----+--------+

Top non-repeatable levels by time:
     D:6: 1545 daAuts
     D:5: 1417 daAuts
     D:2: 1413 daAuts
     D:3: 1338 daAuts
     D:9: 1186 daAuts
     D:8: 1124 daAuts
     D:1: 1003 daAuts
     D:7: 1002 daAuts
     D:4: 764 daAuts
    D:10: 598 daAuts
    D:11: 15 daAuts
  Temple: 1 daAuts
